 Dungeon Crawl Stone Soup version 0.28.0 (webtiles) character file.

Game seed: 14045565791395890330

301 bande the Skirmisher (level 6, -3/38 HPs)
             Began as a Gargoyle Fighter on Feb 17, 2022.
             Slain by an ogre (8 damage)
             ... on level 4 of the Dungeon.
             The game lasted 00:05:00 (3206 turns).

bande the Skirmisher (Gargoyle Fighter)             Turns: 3206, Time: 00:05:00

Health: -3/38      AC: 13    Str: 19    XL:     6   Next: 37%
Magic:  6/6        EV:  7    Int:  9    God:
Gold:   313        SH:  4    Dex: 11    Spells: 5/5 levels left

rFire   . . .      SeeInvis .   a - +0 war axe
rCold   . . .      Faith    .   c - +0 buckler
rNeg    + . .      Spirit   .   h - +0 chain mail
rPois   ∞          Reflect  .   (no helmet)
rElec   +          Harm     .   (no cloak)
rCorr   .          Rampage  .   (no gloves)
Will    .....                   (no boots)
Stlth   ..........              (no amulet)
HPRegen 0.12/turn               (no ring)
MPRegen 0.10/turn               (no ring)

@: no status effects
A: sickness immunity, AC +4, negative energy resistance 1, electricity
resistance, torment resistance 1, petrification resistance
a: no special abilities


You were on level 4 of the Dungeon.
You visited 1 branch of the dungeon, and saw 4 of its levels.

You collected 313 gold pieces.

Inventory:

Hand Weapons
 a - a +0 war axe (weapon)
Armour
 c - a +0 buckler (worn)
 h - a +0 chain mail (worn)
Jewellery
 j - a ring of fire
 k - a ring of wizardry
Wands
 b - a wand of digging (5)
Scrolls
 l - a scroll of amnesia
Potions
 d - 2 potions of might
 f - a potion of brilliance


   Skills:
 + Level 4.2 Fighting
 + Level 3.7 Axes
 + Level 4.2 Armour
 + Level 0.2 Stealth
 + Level 4.1 Shields
 * Level 2.1 Evocations


You had 5 spell levels left.
You didn't know any spells.
Your spell library contained the following spells:

 Spells                   Type           Power      Damage    Failure   Level
 Ozocubu's Armour         Ice            0%         N/A       100%        3
 Ozocubu's Refrigeration  Ice            0%         4d5       100%        7


Dungeon Overview and Level Annotations

Branches:
Dungeon (4/15)
 Temple: D:4-7

Altars:
Elyvilon


Innate Abilities, Weirdness & Mutations

You are immune to sickness and miasma.
Your stone body is resilient. (AC +4)
You are immune to poison.
You resist negative energy. (rN+)
You are resistant to electric shocks. (rElec)
You are resistant to unholy torment.
You are immune to petrification.


Message History

You kill the iguana!
The giant cockroach bites you.
Your Evocations skill increases to level 2!
You hit the giant cockroach.
The giant cockroach is heavily wounded.
The giant cockroach bites you but does no damage. x2
You slash the giant cockroach!
You kill the giant cockroach!
No target in view!
No target in view!
No target in view!
No target in view!
No target in view!
No target in view!
No target in view!
No target in view!
No target in view!
No target in view!
No target in view!
You see here an iguana corpse.
You see here 14 stones.
Found 21 stones.
You see here 21 stones.
You see here 21 stones.
Found a stone staircase leading up.
You now have 313 gold pieces (gained 19).
There is a stone staircase leading up here.
An ogre comes into view. It is wielding a +0 giant club.
The ogre shouts!
An ogre is nearby!
The ogre hits you with a +0 giant club!!
Ouch! That really hurt!
You slash the ogre!
The ogre is heavily wounded.
The ogre hits you with a +0 giant club!
* * * LOW HITPOINT WARNING * * *
You hit the ogre.
The ogre is severely wounded.
The ogre hits you with a +0 giant club!
You die...

*,,,,,,..#
###***,,,,,,..#
#..,,,,*,,,,..#
#.#******,,...# #.#
**,,,** #.# **,**
############.### *,*
<..............#######.#
##.#########.#..@O.....#
#.# #.##.######## #.#
#######.#...#*
#.###........#.#.#*
#..............##.#
#####.######.###,## #.#
*#.*,** #.# **,** #.#
***


You could see an ogre.

Vanquished Creatures
  A phantom (D:4)
  Blork the orc (D:4)
  An iguana (D:4)
  Terence (D:2)
  6 adders
  A worm (D:3)
  A dart slug (D:1)
  An orc (D:4)
  5 ball pythons
  2 bats
  9 endoplasms
  A giant cockroach (D:4)
  4 goblins
  7 hobgoblins
  4 quokkas
  4 frilled lizards
  2 kobolds (D:2)
  4 rats
55 creatures vanquished.

Notes
Turn   | Place    | Note
-------+----------+-------------------------------------------
     0 | D:1      | bande the Gargoyle Fighter began the quest for the Orb.
     0 | D:1      | Reached XP level 1. HP: 14/14 MP: 1/1
   154 | D:1      | Reached XP level 2. HP: 18/19 MP: 2/2
   522 | D:2      | Reached XP level 3. HP: 23/24 MP: 3/3
   681 | D:2      | Noticed Terence
   695 | D:2      | HP: 1/24 [Terence (5)]
   697 | D:2      | Killed Terence
   698 | D:2      | Reached XP level 4. HP: 1/29 MP: 4/4
  2216 | D:3      | Reached skill level 1 in Evocations
  2216 | D:3      | Reached XP level 5. HP: 33/33 MP: 5/5
  2355 | D:4      | Found a white marble altar of Elyvilon.
  2389 | D:4      | Noticed Blork the orc
  2408 | D:4      | Killed Blork the orc
  2794 | D:4      | Noticed a phantom
  2807 | D:4      | Killed a phantom
  2808 | D:4      | Reached XP level 6. HP: 33/38 MP: 6/6
  3206 | D:4      | Slain by an ogre

Illustrated notes

Levels and vault maps discovered:
D:1:      ebering_hopf_link, layout_rooms, minmay_tromino_i2
D:2:      layout_rooms, uniq_terence
D:3:      layout_loops_corners
D:4:      layout_loops_ring, elyvilon_altar_5, uniq_blork_the_orc

Skill      XL: |  1  2  3  4  5  6 |
---------------+-------------------+-----
Axes           | 2 3 |  3.7
Shields        | 4 |  4.1
Fighting       | 4 |  4.2
Evocations     | 1 2 |  2.1
Armour         | 4 |  4.2
Stealth        | |  0.2

Action                   |  1- 3 |  4- 6 || total
-------------------------+-------+-------++-------
Melee: War axe           |    72 |   129 ||   201
  Use: Scroll            |       |     6 ||     6
       Potion            |       |     3 ||     3
Armor: Scale mail        |     7 |       ||     7
       Chain mail        |    40 |    92 ||   132
Dodge: Dodged            |    33 |    37 ||    70
Block: Buckler           |    24 |    26 ||    50
